AoeStats
← seerosensalat

Hill Fort

504566801Analyzed
2v2 RM · 27d ago on Sep 5, 2026· 42m 42s· 4 players
Game mode
Random Map
Map size
Medium (4 player)
Population
200
Speed
Normal
Resources
Standard
Victory
Conquest
Starting age
Dark Age
Ending age
Imperial Age
RankedLock teamsTeams togetherTeam positionsShared explorationLock speedFull tech treeHidden civsTurbo modeCheats
Victory
Defeat
🇩🇪 Cumans · Germany
1301
+12
🇩🇪 Spanish · Germany
1127
+20
🇺🇸 Mongols · United States
1235
-17
🇬🇧 Sicilians · United Kingdom
1194
-15
Lumpipdm
2:47 Loom
12:25 Feudal Age
18:00 Castle Age
16:27 Forging
16:06 Horse Collar
17:27 Bloodlines
17:57 Scale Barding Armor
23:14 Iron Casting
25:28 Husbandry
26:53 Chain Barding Armor
27:10 Double-Bit Axe
28:07 Gold Mining
31:03 Stone Mining
39:07 Imperial Age
39:25 Cavalier
41:08 Blast Furnace
40:44 Plate Barding Armor
43:31 Wheelbarrow
42:41 Town Watch
seerosensalat
6:51 Loom
9:12 Feudal Age
10:01 Double-Bit Axe
16:40 Horse Collar
19:50 Wheelbarrow
23:40 Castle Age
22:54 Fletching
24:08 Padded Archer Armor
24:19 Bodkin Arrow
25:20 Hand Cart
25:36 Bow Saw
25:17 Gold Mining
27:53 Ballistics
27:56 Town Watch
29:22 Leather Archer Armor
31:12 Stone Mining
34:32 Imperial Age
33:23 Thumb Ring
33:30 Town Patrol
34:35 Heavy Cavalry Archer
35:41 Parthian Tactics
35:56 Ring Archer Armor
36:53 Chemistry
36:38 Masonry
36:56 Bloodlines
38:05 Conscription
37:48 Steppe Husbandry
A554551N8
8:32 Feudal Age
9:34 Loom
9:46 Double-Bit Axe
18:56 Scale Barding Armor
19:46 Forging
21:45 Loom
22:15 Fletching
26:09 Castle Age
26:04 Padded Archer Armor
26:17 Bloodlines
27:02 Light Cavalry
27:41 Bodkin Arrow
34:24 Town Watch
D0cTOrSniper
8:47 Loom
11:13 Feudal Age
18:23 Castle Age
16:21 Double-Bit Axe
16:35 Horse Collar
17:14 Gold Mining
18:01 Scale Barding Armor
18:39 Bloodlines
22:26 Wheelbarrow
23:38 Chain Barding Armor
26:34 Forging
27:28 Husbandry
28:43 Gold Shaft Mining
28:24 Bow Saw
28:41 Heavy Plow
32:15 Hand Cart
34:23 Iron Casting
34:07 Town Watch
39:26 Imperial Age
37:38 Town Patrol
40:51 Plate Barding Armor
39:42 Cavalier
Connection lost

Rejoining the realm…

Still unreachable

The connection could not be restored.

Session expired

The server has moved on; the page needs a fresh start.